 Dungeon Crawl Stone Soup version 0.20.1-1-g8b1a95d (webtiles) character file.

468 gobwax the Firebug (level 7, -5/41 HPs)
             Began as an Octopode Fire Elementalist on Aug 15, 2017.
             Was an Initiate of Vehumet.
             Slain by an iguana (9 damage)
             ... on level 5 of the Dungeon.
             The game lasted 00:08:57 (4008 turns).

gobwax the Firebug (Octopode Fire Elementalist)     Turns: 4008, Time: 00:08:58

Health: -5/41      AC:  1    Str:  7    XL:     7   Next: 8%
Magic:  12/13      EV: 13    Int: 19    God:    Vehumet [......]
Gold:   165        SH:  2    Dex: 13    Spells: 4/14 levels left

rFire    + . .     SeeInvis .   v - +2 dire flail (crush)
rCold    + . .     Gourm    .   (shield currently unavailable)
rNeg     . . .     Faith    .   (helmet restricted)
rPois    +         Spirit   .   o - +2 amulet of reflection
rElec    +         Reflect  +   (no ring)
rCorr    +         Harm     .   (no ring)
MR       .....                  (no ring)
Stlth    +++.......             (no ring)
Regen    0.2/turn               (no ring)
MPRegen  0.2/turn               (no ring)
                                (no ring)
                                (no ring)

@: lethally poisoned (-5 -> -7), resistant
A: almost no armour, stealthy swim, amphibious, 8 rings, constrict 8, camouflage
1, gelatinous body 1
a: Renounce Religion


You were on level 5 of the Dungeon.
You worshipped Vehumet.
Vehumet was noncommittal.
You were very hungry.

You visited 2 branches of the dungeon, and saw 6 of its levels.

You collected 165 gold pieces.

Inventory:

Hand Weapons
 q - a +0 flail of crushing
 v - a +2 dire flail of crushing (weapon)
Jewellery
 m - an uncursed ring of ice
 o - a +2 amulet of reflection (around mantle)
Scrolls
 d - 2 scrolls of immolation {unknown}
 e - 9 scrolls of identify {unknown}
 f - 3 scrolls of recharging {unknown}
 k - a scroll of blinking {unknown}
 u - a scroll of enchant weapon {unknown}
 w - a scroll of amnesia {unknown}
 y - a scroll of fear {unknown}
 z - a scroll of random uselessness {unknown}
 A - a scroll of noise {unknown}
Potions
 c - a potion of resistance
 g - a potion of flight {unknown}
 h - a potion of ambrosia
 j - a potion of haste {unknown}
 l - 2 potions of agility {unknown}
 n - a potion of curing {unknown}
 p - a potion of magic {unknown}
 r - a potion of brilliance {unknown}
 t - a potion of degeneration {unknown}
Books
 a - a book of Flames

   Spells                             Type                      Level
   a - Flame Tongue                   Conjuration/Fire             1
   b - Throw Flame                    Conjuration/Fire             2
   c - Conjure Flame                  Conjuration/Fire             3
   d - Inner Flame                    Hexes/Fire                   3
   e - Sticky Flame                   Conjuration/Fire             4
   f - Fireball                       Conjuration/Fire             5
 s - a book of Changes

   Spells                             Type                      Level
   a - Beastly Appendage              Transmutation                1
   b - Sticks to Snakes               Transmutation                2
   c - Spider Form                    Transmutation/Poison         3
   d - Ice Form                       Ice/Transmutation            4
   e - Blade Hands                    Transmutation                5
Comestibles
 b - 3 bread rations
 i - a royal jelly
 x - 2 fruits
 B - a meat ration


   Skills:
 - Level 2.2 Dodging
 - Level 3.4 Stealth
 - Level 0.4 Unarmed Combat
 + Level 4.0 Spellcasting
 + Level 3.3 Conjurations
 + Level 5.3 Fire Magic


You had 4 spell levels left.
You knew the following spells:

 Your Spells              Type           Power        Failure   Level  Hunger
a - Flame Tongue          Conj/Fire      ###..        2%          1    None
b - Throw Flame           Conj/Fire      ###...       3%          2    ##.....
c - Conjure Flame         Conj/Fire      ###.....     7%          3    ###....
d - Sticky Flame          Conj/Fire      ###.....     22%         4    ####...


Dungeon Overview and Level Annotations

Branches:
Dungeon (5/15)             Temple (1/1) D:4

Altars:
Ashenzari
Cheibriados
Elyvilon
Fedhas
Hepliaklqana
Okawaru
Trog
Uskayaw
Vehumet
Xom
Zin
The Shining One


Innate Abilities, Weirdness & Mutations

You cannot wear most types of armour.
You are very stealthy in the water. (Stealth+)
You are amphibious.
You can wear up to eight rings at the same time.
You can use your tentacles to constrict eight enemies at once.
Your skin changes colour to match your surroundings (Stealth+).
Your rubbery body absorbs attacks. (AC +1, EV +1)


Message History

The adder bites you. The hound bites you.
You puncture the hound!
The hound is almost dead.
You constrict the hound, but do no damage.
The leopard gecko bites you. The hound closely misses you. The adder bites you.
The leopard gecko bites you. The iguana bites you! The hound bites you.
The adder bites you.
* * * LOW HITPOINT WARNING * * *
You are poisoned.
The adder poisons you!
It was a potion of resistance.
You feel protected.
You constrict the hound.
You kill the hound!
Vehumet accepts your kill.
Your Spellcasting skill increases to level 4!
You feel sick. The leopard gecko bites you.
* * * LOW HITPOINT WARNING * * *
The adder closely misses you. The iguana bites you!
You die...

....# #. .!..#
#.. ...... ...
......
###.######.....#
#.....?.<.......
#............[.#
........l......#
.......@S...>...
......l.5.......
................
...............#
...............#
#.............##
##..(..#....$##
###### ######


You could see an iguana, an adder, a shadow imp and a leopard gecko.

Vanquished Creatures
  Edmund (D:4)
  2 hounds
  2 orc priests
  2 orc wizards (D:3)
  An iguana (D:4)
  A hound skeleton (D:4)
  5 adders
  A gnoll (D:1)
  A worm (D:2)
  2 dart slugs
  4 leopard geckos
  11 orcs
  5 giant cockroaches
  3 goblins
  5 hobgoblins
  5 jackals
  12 kobolds
  A quokka (D:4)
  A ball python skeleton (D:4)
  7 bats
  A leopard gecko skeleton (D:4)
  A quokka skeleton (D:4)
  9 rats
83 creatures vanquished.

Notes
Turn   | Place    | Note
-------+----------+-------------------------------------------
     0 | D:1      | gobwax the Octopode Fire Elementalist began the quest for the Orb.
     0 | D:1      | Reached XP level 1. HP: 11/11 MP: 3/3
    81 | D:1      | Reached XP level 2. HP: 11/17 MP: 5/5
   197 | D:1      | Reached XP level 3. HP: 10/21 MP: 3/6
   589 | D:1      | Found a shattered altar of Ashenzari.
  1554 | D:2      | Reached skill level 4 in Fire Magic
  1554 | D:2      | Reached XP level 4. HP: 20/27 MP: 4/7
  1790 | D:3      | Found a hide-covered altar of Uskayaw.
  2157 | D:3      | Found a hazy altar of Hepliaklqana.
  2289 | D:3      | Reached XP level 5. HP: 27/31 MP: 2/9
  3002 | D:4      | Reached XP level 6. HP: 31/36 MP: 10/10
  3026 | D:4      | Learned a level 2 spell: Throw Flame
  3030 | D:4      | Learned a level 3 spell: Conjure Flame
  3035 | D:4      | Learned a level 4 spell: Sticky Flame
  3147 | D:4      | Reached skill level 5 in Fire Magic
  3168 | D:4      | Noticed Edmund
  3201 | D:4      | Killed Edmund
  3311 | D:4      | Found a staircase to the Ecumenical Temple.
  3333 | Temple   | Entered the Ecumenical Temple
  3413 | Temple   | Became a worshipper of Vehumet
  3576 | D:4      | Found a shimmering altar of Xom.
  3840 | D:4      | Reached XP level 7. HP: 28/41 MP: 12/12
  4001 | D:5      | Entered Level 5 of the Dungeon
  4008 | D:5      | Slain by an iguana

Skill      XL: |  1  2  3  4  5  6  7 |
---------------+----------------------+-----
Stealth        | 3 |  3.4
Fire Magic     | 4 5 |  5.3
Spellcasting   | 3 4 |  4.0
Conjurations   | 2 3 |  3.3
Dodging        | |  2.2
Unarmed Combat | |  0.4

Action                   |  1- 3 |  4- 6 |  7- 9 || total
-------------------------+-------+-------+-------++-------
Melee: Unarmed           |   104 |    20 |       ||   124
       Constrict         |    27 |    24 |     1 ||    52
       Tentacles         |    16 |    18 |       ||    34
       Flail             |       |    60 |       ||    60
       Dire flail        |       |    14 |     3 ||    17
 Cast: Flame Tongue      |     7 |    37 |       ||    44
       Conjure Flame     |       |     1 |       ||     1
  Use: Potion            |       |     2 |     1 ||     3
 Stab: Sleeping          |    10 |     7 |       ||    17
       Distracted        |       |     1 |       ||     1
  Eat: Chunk             |     2 |     6 |       ||     8
       Fruit             |       |       |     1 ||     1
Armor: Skin              |     3 |     6 |       ||     9
Dodge: Dodged            |    63 |    88 |     8 ||   159
Block: Other             |       |     4 |       ||     4
